 Dungeon Crawl Stone Soup version 0.31.0-11-ge490571c62 (webtiles) character file.

Game seed: 6069385547449810209

5425 qw the Skirmisher (level 10, 0/51 HPs)
             Began as a Spriggan Hunter on Feb 3, 2024.
             Succumbed to a meliai's poison
             ... on level 12 of the Dungeon.
             The game lasted 00:00:38 (6821 turns).

qw the Skirmisher (Spriggan Hunter)                 Turns: 6821, Time: 00:00:38

Health: 0/51       AC:  7    Str: 12    XL:     10   Next: 40%
Magic:  11/11      EV: 34    Int:  6    God:
Gold:   434        SH:  0    Dex: 23    Spells: 9/9 levels left

rFire   . . .        a - +1 shortbow (freeze)
rCold   + . .        (shield currently unavailable)
rNeg    . . .        g - +2 robe {rC+}
rPois   .            (helmet restricted)
rElec   .            h - +2 cloak
rCorr   +            (gloves unavailable)
SInv    +            (boots unavailable)
Will    ++...        (no amulet)
Stlth   +++          c - ring of Looskiox {rCorr EV+5 Int-5 Slay+5 SInv}
HPRegen 0.28/turn    i - ring "Ysusush" {Will+ Str+5 Stlth+}
MPRegen 0.12/turn

%: no passive effects
@: lethally poisoned (0 -> -8), about to teleport, very quick
A: very small, no large weapons, unfitting armour, see invisible, speed 3
a: no special abilities


You were on level 12 of the Dungeon.
You visited 2 branches of the dungeon, and saw 11 of its levels.
You also visited: Sewer.

You collected 496 gold pieces.
You spent 62 gold pieces at shops.


Innate Abilities, Weirdness & Mutations

You are very small and have problems with some larger weapons.
You are too small for most types of armour.
You have supernaturally acute eyesight. (SInv)
You cover ground extremely quickly. (Speed+++)


   Skills:
 + Level 4.8 Fighting
 - Level 12.1 Ranged Weapons
 - Level 12.0 Dodging
 - Level 1.5 Stealth


You had 9 spell levels left.
You didn't know any spells.
Your spell library was empty.

Inventory:

Hand Weapons
 a - a +1 shortbow of freezing (weapon)
Armour
 g - a +2 robe of cold resistance (worn)
 h - a +2 cloak (worn)
 n - +0 steam dragon scales
Jewellery
 c - the ring of Looskiox (left hand) {rCorr EV+5 Int-5 Slay+5 SInv}
   (You found it on level 3 of the Dungeon)

   [ring of evasion]

   EV+5:      It affects your evasion (+5).
   Int-5:     It affects your intelligence (-5).
   Slay+5:    It affects your accuracy & damage with ranged weapons and melee
   (+5).
   SInv:      It lets you see invisible.
   rCorr:     It protects you from acid and corrosion.
 i - the ring "Ysusush" (right hand) {Will+ Str+5 Stlth+}
   (You found it on level 3 of the Dungeon)

   [ring of willpower]

   Str+5:     It affects your strength (+5).
   Will+:     It increases your willpower.
   Stlth+:    It makes you more stealthy.
Wands
 b - a wand of polymorph (6)
 s - a wand of iceblast (10)
Potions
 d - 2 potions of mutation
 f - 2 potions of curing
 k - a potion of resistance
 o - a potion of attraction {unknown}
 q - a potion of enlightenment {unknown}

Dungeon Overview and Level Annotations

Branches:
Dungeon (12/15)            Temple (1/1) D:5           Sewer (visited)
   Lair: D:8-11         Orc: D:9-12

Altars:
Ashenzari
Cheibriados
Dithmenos
Fedhas
Gozag
Kikubaaqudgha
Nemelex Xobeh
Qazlal
Ru
Sif Muna
Trog
Uskayaw
Vehumet
Wu Jian
Xom
Yredelemnul
Zin
The Shining One

Shops:
D:2 [

Annotations:
D:6 3 runed translucent doors, qw's ghost, novice DjHu
D:12 Azrael; Nessos; Sonja


Message History

Enter note:
6816 ||| RETREEEEATING.
The meliai buzzes angrily.
The meliai barely misses you. The meliai stings you!
You are poisoned.
The meliai poisons you!
You hear a shout!
Enter note:
Enter note:
Enter note:
6817 ||| RETREEEEATING.
Found a scroll of identify.
You feel very sick.
Nessos is no longer moving quickly.
Nessos gestures wildly while chanting.
Nessos blinks!
The meliai attacks as it pursues you! The meliai completely misses you. x2
Enter note:
6818 ||| RETREEEEATING.
You feel sick.
Nessos casts a spell.
Nessos blinks!
You shoot an arrow. The arrow closely misses the meliai.
The arrow hits the fire elemental!
The arrow freezes the fire elemental.
The fire elemental is moderately damaged.
You feel very sick. The meliai misses you. The meliai completely misses you. x3
6820 ||| READING scroll of teleportation.
As you read the scroll of teleportation, it crumbles to dust.
You feel strangely unstable.
You feel sick. The meliai misses you.
The meliai stings you but does no damage.
Nessos gestures wildly while chanting.
Nessos seems to speed up.
The meliai calls down the wrath of its god upon you.
Something smites you!
You shoot an arrow. The arrow misses the meliai.
The arrow closely misses the fire elemental.
The arrow hits Nessos.
The arrow freezes Nessos.
Nessos is lightly wounded.
You die...

.#.###.# #.# . ..?ยค. #.#
#..... #.# ##.....## ##.#
#........ ### . #yy#
#.... ... ..# .# #9##
#.....#.# ..##.### .c#
#.....#.##........
.............cEy@...#..#
....<....#...#E###E...##.
.........#. #0##0.......
.....c.....###0#..#..?##
.:>.........0000....#...
##.........0..(.....# #.
.........h...........
.......0..........
....R..0..........


You could see Nessos (fast), 3 fire elementals and a meliai.

Vanquished Creatures
  Pikel (D:4)
  A cyclops (D:12)
  2 meliai (D:12)
  A komodo dragon (D:12)
  A hornet (D:9)
  3 yaks (D:9)
  Eustachio (D:6)
  2 steam dragons
  A water moccasin (D:6)
  A hell hound (D:12)
  An ice beast (D:7)
  An ogre (D:4)
  A centaur (D:6)
  2 lemures (D:4)
  3 kobold brigands
  A gnoll sergeant (D:7)
  2 bullfrogs (Sewer)
  2 scorpions
  4 wights (D:9)
  7 killer bees
  2 electric eels (D:6)
  2 howler monkeys
  An orc priest (D:6)
  5 hounds
  4 jellies
  6 iguanas
  5 orc wizards
  A sleepcap (D:5)
  3 gnolls (D:7)
  16 adders
  4 river rats (Sewer)
  4 white imps
  4 ufetubi
  A dart slug (D:1)
  A ribbon worm (D:2)
  25 orcs
  16 ball pythons
  4 endoplasms
  6 giant cockroaches
  12 goblins
  10 hobgoblins
  5 jackals
  8 quokkas
  11 bats
  4 frilled lizards
  13 kobolds
  12 rats
223 creatures vanquished.

Notes
Turn   | Place    | Note
-------+----------+-------------------------------------------
     0 | D:1      | qw the Spriggan Hunter began the quest for the Orb.
     0 | D:1      | Reached XP level 1. HP: 10/10 MP: 2/2
     0 | D:1      | 0 ||| qw: Version: 0.3-a-157-g843a77d
     0 | D:1      | 0 ||| qw: Game counter: 3618
     0 | D:1      | 0 ||| qw: Melee chars always use a shield: true
     0 | D:1      | 0 ||| qw: God list: Okawaru
     0 | D:1      | 0 ||| qw: Allow faded altars: false
     0 | D:1      | 0 ||| qw: Do Orc after clearing Dungeon:15 true
     0 | D:1      | 0 ||| qw: Do second Lair branch before Depths: true
     0 | D:1      | 0 ||| qw: Lair rune preference: random
     0 | D:1      | 0 ||| qw: Goals: Normal
     0 | D:1      | 0 ||| PLANNING D:1-11
    20 | D:1      | Reached skill level 3 in Dodging
   293 | D:1      | Reached XP level 2. HP: 14/14 MP: 3/3
   627 | D:1      | Found a faded altar of an unknown god.
   720 | D:1      | 720 ||| READING scroll labelled HIELIBL KIGRE.
   744 | D:1      | 744 ||| READING scroll labelled ENUPPI YMASO.
   745 | D:1      | 745 ||| DROPPING scroll of butterflies.
   801 | D:2      | HP: 3/14 [poisoned by an adder]
   884 | D:2      | Reached XP level 3. HP: 18/18 MP: 4/4
  1064 | D:2      | Found Cougraf's Antique Armour Shop.
  1070 | D:2      | 1070 ||| BUYING glowing robe (62 gold).
  1070 | D:2      | Bought a glowing robe for 62 gold pieces
  1070 | D:2      | 1070 ||| SHOPLISTING glowing robe (62 gold, have 13).
  1071 | D:2      | Found a shimmering altar of Xom.
  1275 | D:2      | 1275 ||| UPGRADING to +2 robe of cold resistance.
  1285 | D:2      | 1285 ||| DROPPING +0 robe.
  1286 | D:2      | 1286 ||| UPGRADING to +0 cloak.
  1291 | D:2      | 1291 ||| READING scroll labelled TIECAT QUERU.
  1357 | D:3      | Identified the ring of Looskiox {rCorr EV+5 Int-5 Slay+5
                  | SInv}
  1431 | D:3      | Identified the ring "Ysusush" {Will+ Str+5 Stlth+}
  1445 | D:3      | Found an ancient bone altar of Kikubaaqudgha.
  1528 | D:3      | Reached XP level 4. HP: 22/22 MP: 5/5
  1746 | D:3      | Reached XP level 5. HP: 19/26 MP: 6/6
  1797 | D:3      | Found a shadowy altar of Dithmenos.
  1908 | D:3      | 1908 ||| UPGRADING to ring of Looskiox {rCorr EV+5 Int-5
                  | Slay+5 SInv}.
  1909 | D:3      | 1909 ||| UPGRADING to ring "Ysusush" {Will+ Str+5 Stlth+}.
  1910 | D:3      | 1910 ||| READING scroll labelled FILADWINAZ.
  1910 | D:3      | 1910 ||| IDENTIFYING bubbling emerald potion
  1911 | D:3      | 1911 ||| READING scroll labelled TAKHIEJ QEUHA.
  1911 | D:3      | 1911 ||| ENCHANTING +0 cloak.
  1912 | D:3      | 1912 ||| DRINKING 2 white potions.
  1926 | D:4      | 1926 ||| PLANNING SEWER
  2035 | D:4      | Noticed a lemure
  2036 | D:4      | Noticed a lemure
  2037 | D:4      | Noticed Pikel
  2038 | D:4      | 2038 ||| RETREEEEATING.
  2040 | D:4      | 2040 ||| RETREEEEATING.
  2041 | D:4      | 2041 ||| RETREEEEATING.
  2042 | D:4      | 2042 ||| RETREEEEATING.
  2044 | D:4      | 2044 ||| RETREEEEATING.
  2048 | D:4      | Killed a lemure
  2050 | D:4      | Noticed a lemure
  2052 | D:4      | Noticed a lemure
  2053 | D:4      | 2053 ||| RETREEEEATING.
  2055 | D:4      | 2055 ||| RETREEEEATING.
  2065 | D:4      | Killed a lemure
  2081 | D:4      | 2081 ||| RETREEEEATING.
  2086 | D:4      | Killed Pikel
  2087 | D:4      | Reached XP level 6. HP: 27/30 MP: 7/7
  2087 | D:4      | Reached XP level 7. HP: 31/35 MP: 8/8
  2248 | D:4      | Found a glowing drain.
  2261 | Sewer    | Entered a sewer
  2328 | Sewer    | Reached skill level 6 in Dodging
  2359 | Sewer    | 2359 ||| READING scroll of enchant armour.
  2359 | Sewer    | 2359 ||| ENCHANTING +1 cloak.
  2541 | Sewer    | 2541 ||| READING scroll labelled WOMORY GIOTAA.
  2544 | Sewer    | 2544 ||| READING scroll labelled IKEJOD RIEXZA.
  2545 | Sewer    | 2545 ||| READING scroll labelled MATIGGIBLUI.
  2545 | Sewer    | 2545 ||| ENCHANTING +0 shortbow.
  2546 | Sewer    | 2546 ||| READING scroll labelled SOP ETU BUETU.
  2546 | Sewer    | 2546 ||| BRANDING +1 shortbow.
  2547 | Sewer    | 2547 ||| DRINKING 2 sapphire potions.
  2548 | Sewer    | 2548 ||| DRINKING 2 lumpy emerald potions.
  2549 | Sewer    | 2549 ||| DRINKING 2 grey potions.
  2550 | Sewer    | 2550 ||| DROPPING potion of magic.
  2594 | D:4      | 2594 ||| PLANNING D:1-11
  3003 | D:4      | Reached XP level 8. HP: 39/39 MP: 9/9
  3029 | D:4      | Found a shimmering blue altar of Sif Muna.
  3250 | D:4      | 3250 ||| READING scroll labelled ILABBA GATONG.
  3292 | D:5      | Entered Level 5 of the Dungeon
  3293 | D:5      | Found a staircase to the Ecumenical Temple.
  3294 | D:5      | 3294 ||| PLANNING TEMPLE
  3311 | Temple   | Entered the Ecumenical Temple
  3312 | Temple   | 3312 ||| PLANNING D:1-11
  3347 | D:5      | Reached skill level 3 in Fighting
  3738 | D:5      | Found a glowing golden altar of the Shining One.
  3774 | D:5      | 3774 ||| DROPPING amulet of magic regeneration.
  3775 | D:5      | 3775 ||| READING scroll of identify.
  3775 | D:5      | 3775 ||| IDENTIFYING fizzy golden potion
  3776 | D:5      | 3776 ||| READING scroll labelled XAOK PUMIGITU.
  3777 | D:5      | 3777 ||| READING scroll labelled REXKUYGGAF.
  3919 | D:6      | Reached skill level 9 in Ranged Weapons
  3976 | D:6      | 3976 ||| FLEEEEING.
  4114 | D:6      | Noticed Eustachio
  4119 | D:6      | Killed Eustachio
  4120 | D:6      | Reached skill level 9 in Dodging
  4454 | D:6      | Reached XP level 9. HP: 44/44 MP: 10/10
  4528 | D:6      | Found a runed translucent gate.
  4528 | D:6      | Found an opulent altar of Gozag.
  4529 | D:6      | Found a runed translucent gate.
  4529 | D:6      | Found a runed translucent gate.
  4532 | D:6      | Noticed qw's ghost (novice DjHu)
  4532 | D:6      | Noticed a two-headed ogre
  4998 | D:6      | 4998 ||| READING scroll of identify.
  4998 | D:6      | 4998 ||| IDENTIFYING fizzy coppery potion
  4999 | D:6      | 4999 ||| READING scroll labelled DUQ XUITEU.
  5000 | D:6      | 5000 ||| DRINKING 2 bubbling white potions.
  5001 | D:6      | 5001 ||| DRINKING 2 potions of curing.
  5001 | D:6      | 5001 ||| (to cure confusion)
  5002 | D:6      | 5002 ||| DROPPING potion of ambrosia.
  5003 | D:6      | 5003 ||| DROPPING potion of berserk rage.
  5004 | D:6      | 5004 ||| DROPPING wand of flame (9).
  5043 | D:7      | 5043 ||| STAIRDANCE
  5053 | D:7      | 5053 ||| STAIRDANCE
  5117 | D:7      | 5117 ||| RETREEEEATING.
  5121 | D:7      | 5121 ||| RETREEEEATING.
  5122 | D:7      | 5122 ||| RETREEEEATING.
  5123 | D:7      | 5123 ||| RETREEEEATING.
  5124 | D:7      | 5124 ||| RETREEEEATING.
  5389 | D:7      | 5389 ||| READING scroll labelled AHOTZUAWNU.
  5390 | D:7      | 5390 ||| DRINKING 2 bubbling red potions.
  5391 | D:7      | 5391 ||| DROPPING potion of degeneration.
  6081 | D:8      | 6081 ||| FLEEEEING.
  6082 | D:8      | 6082 ||| FLEEEEING.
  6083 | D:8      | 6083 ||| FLEEEEING.
  6084 | D:8      | 6084 ||| FLEEEEING.
  6089 | D:8      | 6089 ||| DRINKING potion of haste.
  6331 | D:8      | 6331 ||| DROPPING ring of wizardry.
  6332 | D:8      | 6332 ||| READING scroll labelled AFUCSE ZEMEG.
  6333 | D:8      | 6333 ||| DRINKING 2 dark potions.
  6334 | D:8      | 6334 ||| DROPPING potion of invisibility.
  6374 | D:9      | 6374 ||| RETREEEEATING.
  6375 | D:9      | 6375 ||| RETREEEEATING.
  6376 | D:9      | 6376 ||| RETREEEEATING.
  6378 | D:9      | 6378 ||| RETREEEEATING.
  6380 | D:9      | 6380 ||| RETREEEEATING.
  6382 | D:9      | 6382 ||| RETREEEEATING.
  6388 | D:9      | 6388 ||| RETREEEEATING.
  6700 | D:9      | 6700 ||| RETREEEEATING.
  6711 | D:9      | Reached skill level 12 in Dodging
  6711 | D:9      | Reached XP level 10. HP: 50/50 MP: 11/11
  6764 | D:9      | You fall into a shaft and drop 3 floors!
  6784 | D:12     | Noticed a meliai
  6784 | D:12     | Noticed a meliai
  6785 | D:12     | Noticed a gargoyle
  6786 | D:12     | 6786 ||| ZAPPING wand of iceblast (11) at 2,1 (floor).
  6786 | D:12     | Noticed a meliai
  6787 | D:12     | 6787 ||| RETREEEEATING.
  6788 | D:12     | Killed a meliai
  6791 | D:12     | Noticed Nessos
  6792 | D:12     | 6792 ||| RETREEEEATING.
  6792 | D:12     | Noticed Sonja
  6792 | D:12     | HP: 11/50 [meliai/divine providence (16)]
  6793 | D:12     | 6793 ||| READING 2 scrolls of teleportation.
  6794 | D:12     | 6794 ||| DRINKING potion of heal wounds.
  6795 | D:12     | 6795 ||| RETREEEEATING.
  6796 | D:12     | 6796 ||| RETREEEEATING.
  6797 | D:12     | Noticed a cyclops
  6803 | D:12     | 6803 ||| ZAPPING wand of acid (4) at -3,4 (cyclops; floor).
  6804 | D:12     | 6804 ||| RETREEEEATING.
  6805 | D:12     | 6805 ||| RETREEEEATING.
  6806 | D:12     | 6806 ||| RETREEEEATING.
  6807 | D:12     | 6807 ||| RETREEEEATING.
  6808 | D:12     | 6808 ||| ZAPPING wand of acid (3) at 0,5 (cyclops; floor).
  6809 | D:12     | 6809 ||| ZAPPING wand of acid (2) at 0,4 (cyclops; floor).
  6810 | D:12     | 6810 ||| ZAPPING wand of acid (1) at 0,3 (cyclops; floor).
  6810 | D:12     | Killed a cyclops
  6812 | D:12     | Reached skill level 12 in Ranged Weapons
  6815 | D:12     | Killed a meliai
  6815 | D:12     | Noticed Azrael
  6816 | D:12     | 6816 ||| RETREEEEATING.
  6817 | D:12     | 6817 ||| RETREEEEATING.
  6818 | D:12     | 6818 ||| RETREEEEATING.
  6819 | D:12     | HP: 12/51 [poisoned by a meliai]
  6820 | D:12     | 6820 ||| READING scroll of teleportation.
  6820 | D:12     | HP: 1/51 [meliai/divine providence (9)]
  6821 | D:12     | Succumbed to a meliai's poison

Levels and vault maps discovered:
D:1:      roderic_dead_forest, layout_basic, serial_forest,
          infiniplex_forest_end_1, infiniplex_forest_lined_3_way,
          infiniplex_forest_clump_small, infiniplex_forest_lined_ring,
          infiniplex_forest_clump_large, infiniplex_forest_lined_4_way,
          infiniplex_forest_clump_tiny, dilly_ecumenical_altar_fadedgnrine
D:2:      layout_basic, serial_shops, shop, basic_altar
D:3:      minmay_chambers_of_threes, layout_basic,
          nicolae_dithmenos_the_darkroom, overflow_temple_1_default
D:4:      layout_basic, led_sif_book, gup_sewer_entry_pipe, uniq_pikel
D:5:      layout_basic, mainiacjoe_overflow_alcove_1,
          minmay_temple_entry_large_hall, kennysheep_generic_room_11
D:6:      minmay_inner_zag, layout_basic, ebering_ghost_gozag, roderic_batcave,
          serial_bayou_lagoon_b, uniq_eustachio
D:7:      layout_rooms, st_stairs_6
D:8:      layout_loops_corners
D:9:      layout_basic, lightli_temple_of_fire,
          gammafunk_temple_overflow_statue, enter_bailey_3
D:12:     layout_rooms, portal_ice_cave_entry_pillars_2,
          kennysheep_generic_room_5, uniq_azrael, uniq_nessos, uniq_sonja
Temple:   nicolae_temple_ecumenical_triangle

Skill      XL: |  1  2  3  4  5  6  7  8  9 10 |
---------------+-------------------------------+-----
Dodging        | 3 4 5 8 9 12 | 12.0
Ranged Weapons | 5 8 9 11 12 | 12.1
Fighting       | 2 3 4 |  4.8
Stealth        | |  1.5

Action                     |  1- 3 |  4- 6 |  7- 9 | 10-12 || total
---------------------------+-------+-------+-------+-------++-------
   Fire: Shortbow          |   100 |    85 |   384 |    23 ||   592
  Evoke: Wand              |       |       |       |     5 ||     5
    Use: Scroll            |     3 |     2 |    13 |     2 ||    20
         Potion            |       |     1 |     8 |     1 ||    10
 Armour: Robe              |    11 |     7 |    33 |     9 ||    60
  Dodge: Dodged            |    34 |    18 |   132 |    38 ||   222

Table legend:
 A = Non-vault XP
 B = Vault XP
 C = Vault XP percentage of total XP
 D = Non-vault monster count
 E = Vault monster count
 F = Vault count percentage of total count
                 A         B        C        D         E       F
            +---------+---------+-------+---------+---------+-------
      Total |    5893 |    1858 |  24.0 |     145 |      76 |  34.4
            +---------+---------+-------+---------+---------+-------
        D:1 |      22 |       0 |   0.0 |      12 |       0 |   0.0
        D:2 |      35 |       0 |   0.0 |      12 |       0 |   0.0
        D:3 |     110 |      70 |  38.9 |      14 |      12 |  46.2
        D:4 |     214 |     748 |  77.8 |      24 |      10 |  29.4
        D:5 |     426 |      10 |   2.3 |      15 |       1 |   6.2
        D:6 |     493 |     574 |  53.8 |       6 |      18 |  75.0
        D:7 |     694 |       0 |   0.0 |      14 |       0 |   0.0
        D:8 |     400 |       0 |   0.0 |      20 |       0 |   0.0
        D:9 |    1672 |       0 |   0.0 |      24 |       0 |   0.0
       D:12 |    1827 |     137 |   7.0 |       4 |       1 |  20.0
      Sewer |       0 |     319 | 100.0 |       0 |      34 | 100.0
            +---------+---------+-------+---------+---------+-------
